cohdb
Replays
Latest Replays
All Replays
Popular Replays
Top Player Replays
Match Explorer
How It Works
Community
CoH3 Stats
Reddit
Sign in to upload your games and track your stats! →
Sign in with Steam
Match 44719988
Unlisted
Match 44719988
Overview
Messages
Build Orders
End
Pioneer Squad
Construct Infanterie Kompanie
Selects Terror Battlegroup
Selects Machine Gun Camouflage
Pioneer Squad
MG 42 Machine Gun Team
MG 42 Machine Gun Team
Medical Station
Grenadier Squad
Construct Luftwaffe Kompanie
Jäger Squad
Selects Defend the Fatherland
Jäger Squad
Flak 30 Anti-aircraft Gun Team
Support Elements
Wirbelwind Flakpanzer
Luftwaffe Officer Quarters
Defend the Fatherland
Selects Contempt for the Weak
Selects Propaganda Leaflet Drop
Propaganda Leaflet Drop
Pioneer Squad
Pioneer Squad
Construct Panzer Kompanie
Screwball
Genki
A Plucky Brit
Wü
0
0
Comments
sign in to comment!
No comments posted yet!